cohdb
Replays
Latest Replays
All Replays
Popular Replays
Top Player Replays
Match Explorer
How It Works
Community
CoH3 Stats
Reddit
Sign in to upload your games and track your stats! →
Sign in with Steam
Match 25140928
Unlisted
Match 25140928
Overview
Messages
Build Orders
End
Panzergrenadier Squad
Selects Italian Infantry
Panzergrenadier Squad
250 Light Carrier
Construct Light Support Kompanie
Assault Grenadier Squad
Fire Support Elements
Pak 38 Anti-tank Gun Team
Selects Guastatori Squad
Combat Half-tracks
Flakvierling Half-track
le.IG 18 Mechanized Group
Pak 38 Anti-tank Gun Team
2.5-tonne Medical Truck
Guastatori Squad
Selects Defensive Operations
Selects Registered Artillery
Registered Artillery
Selects Territory Booby Traps
Selects Towed Cannone da 105/28 Field Howitzer
Registered Artillery
Towed Cannone da 105/28 Field Howitzer
Panzerpioneer Squad
Selects Obice 305mm Barrage
Construct Panzerarmee Kommand
Armored Reserves
Tiger Heavy Tank
Kradschützen Motorcycle Team
Kradschützen Motorcycle Team
Panzerpioneer Squad
Obice 305mm Barrage
Eber
Piros
MR.DOGO-YT
noony2351
truthrunsdeep
Rolling9Deep
0
0
Comments
sign in to comment!
No comments posted yet!